 Dungeon Crawl Stone Soup version 0.24.0-37-gcf1ca852f1 (webtiles) character file.

Game seed: 1337972982720529193, levelgen mode: deterministic

251 Froggeryz the Chopper (level 5, 0/50 HPs)
             Began as a Deep Dwarf Fighter on Nov 28, 2019.
             Was an Initiate of Makhleb.
             Slain by an ogre
             ... wielding a +0 giant club
              (12 damage)
             ... on level 5 of the Dungeon.
             The game lasted 00:03:44 (2597 turns).

Froggeryz the Chopper (Deep Dwarf Fighter)          Turns: 2597, Time: 00:03:45

Health: 0/50       AC:  6    Str: 20    XL:     5   Next: 88%
Magic:  5/5        EV:  9    Int:  9    God:    Makhleb [......]
Gold:   214        SH:  9    Dex: 12    Spells: 4/4 levels left

rFire    . . .     SeeInvis .   p - +0 war axe (freeze)
rCold    . . .     Gourm    .   c - +0 shield
rNeg     . . .     Faith    .   b - +0 scale mail
rPois    .         Spirit   .   (no helmet)
rElec    .         Reflect  .   (no cloak)
rCorr    .         Harm     .   (no gloves)
MR       .....     Rnd*Rage +   (no boots)
Stlth    ..........             (no amulet)
HPRegen  0.00/turn              (no ring)
MPRegen  0.09/turn              (no ring)

@: non-regenerating
A: damage resistance, heal wounds, talons 1, repulsion field 1, berserk 1, sense
surroundings 1, no regeneration
a: Heal Wounds, Renounce Religion


You were on level 5 of the Dungeon.
You worshipped Makhleb.
Makhleb was noncommittal.
You were hungry.

You visited 2 branches of the dungeon, and saw 6 of its levels.

You collected 214 gold pieces.

Inventory:

Hand Weapons
 p - a +0 war axe of freezing (weapon)
Missiles
 l - 12 boomerangs (quivered)
Armour
 b - a +0 scale mail (worn)
 c - a +0 shield (worn)
Jewellery
 t - an uncursed ring of wizardry {unknown}
Wands
 a - a wand of acid (7)
Scrolls
 e - 3 scrolls of enchant armour {unknown}
 g - 3 scrolls of identify {unknown}
 h - 2 scrolls of amnesia {unknown}
 i - 3 scrolls of blinking {unknown}
 j - 2 scrolls of teleportation {unknown}
 k - a scroll of immolation {unknown}
 m - 2 scrolls of remove curse {unknown}
 o - a scroll of fear {unknown}
 s - a scroll of magic mapping {unknown}
Potions
 d - 3 potions of might
 n - 2 potions of curing
 u - 2 potions of mutation
Comestibles
 f - 12 rations


   Skills:
 + Level 4.0 Fighting
 * Level 5.7 Axes
 - Level 3.2 Armour
 - Level 3.2 Shields


You had 4 spell levels left.
You didn't know any spells.
Your spell library was empty.

Dungeon Overview and Level Annotations

Branches:
Dungeon (5/15)             Temple (1/1) D:4

Altars:
Ashenzari
Dithmenos
Elyvilon
Fedhas
Gozag
Kikubaaqudgha
Makhleb
Okawaru
Qazlal
Ru
Sif Muna
Trog
Vehumet
Wu Jian
Xom
Yredelemnul
Zin
The Shining One


Innate Abilities, Weirdness & Mutations

You are resistant to damage.
You can heal yourself by infusing magical energy.
You passively map a small area around you.
You do not regenerate.
You have sharp toenails.
You are surrounded by a mild repulsion field. (EV +2)
You tend to lose your temper in combat.


Message History

Throwing (i - inventory)
l - 12 boomerangs (quivered)
Press: ? - help, Shift-Dir - straight line, f - ogre
Aim: an ogre, wielding a +0 giant club You throw a boomerang.
The boomerang completely misses the ogre.
The ogre hits you with a +0 giant club!
You are too injured to fight recklessly!
You are too injured to fight recklessly!
You are too injured to fight recklessly!
You hit the ogre. You freeze the ogre. You claw the ogre, but do no damage.
The ogre is moderately wounded.
The ogre hits you with a +0 giant club!
* * * LOW HITPOINT WARNING * * *
You slash the ogre! You freeze the ogre. You claw the ogre.
The ogre is severely wounded.
You block the ogre's attack.
You barely miss the ogre.
The ogre is severely wounded.
The ogre hits you with a +0 giant club!
You die...

, , ,* ### *
.#### .., *
* ,
.....####[#*
, ..........
,,, ,
.........##
,
..........#
** ,
..........#
* , ,
......O@..#
, ,
....%....<#
, ≈ *
.(....#####
, , , *
..#### , ,,
*# ,, * , *
** , , , **
* , *


You could see an ogre.

Vanquished Creatures
  A scorpion (D:4)
  A bullfrog skeleton (D:4)
  An orc wizard (D:4)
  A worker ant (D:2)
  3 adders
  2 oozes
  An adder skeleton (D:4)
  2 worms (D:2)
  2 dart slugs
  2 leopard geckos
  9 orcs
  5 bats
  4 giant cockroaches
  6 goblins
  8 hobgoblins
  3 quokkas
  2 ball pythons
  6 frilled lizards
  8 kobolds
  3 rats
70 creatures vanquished.

Notes
Turn   | Place    | Note
-------+----------+-------------------------------------------
     0 | D:1      | Froggeryz the Deep Dwarf Fighter began the quest for the
                  | Orb.
     0 | D:1      | Reached XP level 1. HP: 20/20 MP: 1/1
   132 | D:1      | Reached XP level 2. HP: 18/27 MP: 2/2
   235 | D:1      | Reached skill level 3 in Axes
   425 | D:2      | Reached XP level 3. HP: 15/34 MP: 3/3
   582 | D:2      | Reached skill level 4 in Axes
   582 | D:2      | Reached XP level 4. HP: 15/42 MP: 4/4
  1379 | D:4      | Reached XP level 5. HP: 31/50 MP: 5/5
  1445 | D:3      | Reached skill level 5 in Axes
  2068 | D:4      | Gained mutation: You are surrounded by a mild repulsion
                  | field. (EV +2) [potion of mutation]
  2068 | D:4      | Gained mutation: You tend to lose your temper in combat.
                  | [potion of mutation]
  2068 | D:4      | Gained mutation: You have sharp toenails. [potion of
                  | mutation]
  2215 | D:4      | Found a staircase to the Ecumenical Temple.
  2265 | Temple   | Entered the Ecumenical Temple
  2486 | Temple   | Became a worshipper of Makhleb the Destroyer
  2591 | D:5      | Entered Level 5 of the Dungeon
  2591 | D:5      | Noticed an ogre
  2597 | D:5      | Slain by an ogre

Levels and vault maps discovered:
D:1:      saegor_arrival_under_anarchy, layout_basic
D:2:      layout_rooms, grunt_ministairs_3, ebering_dispersal_statue_hall
D:3:      layout_basic
D:4:      layout_loops_cross, minmay_temple_entry_enclosed_plants
D:5:      layout_rooms, kennysheep_mini_moat, first_ration
Temple:   dpeg_five_rooms_temple

Skill      XL: |  1  2  3  4  5 |
---------------+----------------+-----
Axes           | 3 4 5 |  5.7
Fighting       | 3 4 |  4.0
Armour         | |  3.2
Shields        | |  3.2

Action                   |  1- 3 |  4- 6 || total
-------------------------+-------+-------++-------
Melee: War axe           |    57 |   128 ||   185
       Kick              |       |     3 ||     3
Throw: Boomerang         |       |     1 ||     1
 Abil: Heal Wounds       |       |     1 ||     1
  Use: Potion            |       |     5 ||     5
  Eat: Chunk             |       |     5 ||     5
Armor: Scale mail        |    27 |    51 ||    78
Dodge: Dodged            |     7 |    41 ||    48
Block: Shield            |    34 |    69 ||   103
